AoeStats
← lea.antonia2001

MegaRandom

509599305Analyzed
2v2 RM · 6d ago on Sep 27, 2026· 39m 19s· 4 players
Game mode
Random Map
Map size
Medium (4 player)
Population
200
Speed
Normal
Resources
Standard
Victory
Conquest
Starting age
Dark Age
Ending age
Imperial Age
RankedLock teamsTeams togetherTeam positionsShared explorationLock speedFull tech treeHidden civsTurbo modeCheats
Victory
Defeat
🇩🇪 Byzantines · Germany
833
+13
🇨🇴 Bohemians · Colombia
715
+18
🇩🇪 Magyars · Germany
777
-16
🇩🇪 Malians · Germany
759
-15
lea.antonia2001
0:42 Loom
13:53 Feudal Age
18:36 Double-Bit Axe
20:55 Wheelbarrow
21:35 Gold Mining
29:15 Castle Age
28:02 Stone Mining
31:29 Hand Cart
33:36 Medium Warships
33:10 Elite Skirmisher
36:55 Imperial Age
37:25 Cavalier
CoyQuasar184961
14:19 Feudal Age
15:16 Double-Bit Axe
20:21 Castle Age
21:31 Bow Saw
21:52 Medium Warships
22:32 Man-at-Arms
23:37 Long Swordsman
29:16 Horse Collar
31:13 Heavy Plow
35:05 Imperial Age
33:31 Wheelbarrow
37:15 Elite Skirmisher
SneakyTea
5:27 Loom
12:56 Feudal Age
18:33 Castle Age
16:31 Double-Bit Axe
16:27 Horse Collar
17:10 Gold Mining
17:12 Stone Mining
18:38 Wheelbarrow
20:51 Hand Cart
24:59 Imperial Age
28:11 Bow Saw
28:01 Heavy Plow
31:54 Shipwright
31:48 Clinker Construction
32:59 Conscription
36:25 Two-Man Saw
37:09 Carvel Hull
37:06 Careening
Sicsaccic
11:19 Feudal Age
12:01 Double-Bit Axe
13:45 Fishing Lines
16:14 Wheelbarrow
15:32 Horse Collar
21:07 Castle Age
22:10 Bow Saw
22:52 Hand Cart
23:05 Heavy Plow
25:25 Fletching
29:43 Imperial Age
29:32 Bodkin Arrow
30:04 Ballistics
30:45 Chemistry
30:46 Bracer
30:47 Murder Holes
31:42 Loom
33:04 Two-Man Saw
33:12 Padded Archer Armor
33:24 Forging
34:42 Elite Hussite Wagon
Connection lost

Rejoining the realm…

Still unreachable

The connection could not be restored.

Session expired

The server has moved on; the page needs a fresh start.